Zazza, neutral female human Tourist ---------- # -------- |........+# ------------- ------ ------ |......| |........|# |...........| |{...| |....| ##.......| ---.-..---# #+...........| ##.....| #-....| # |......| # # # #|............ # |.....####|<....#########-......| ## ## #....<.......|###### -|---- ------# |......| # # #### ##+...........| ## #################.......| # # ###--.---------- # ------|- # # ### ### # ### # # #`### ## # # ### ### ### ### # # # ##### ## # # ---+----### # ## ### # # |.......## ###--.-.-.- # ## |......|# #.......| -------------.- -.-- |.......# |......-#####..............|#####################...| |..:...| |......| |.............|# |..| |..@..>| |......| ..............|# |._| -------- -------- ---------------# ---- # Zazza the Sightseer Experience level: 4 Strength: 14 Dexterity: 9 Constitution: 18 Intelligence: 14 Wisdom: 10 Charisma: 15 Health: 0(41) Energy: 14(14) Def: 5 Gold: 1376 Moves: 3070 Dungeon seed: kFay6wve7g4QZeDr Game ID: Zazza_1575622028 Your Inventory: Coins $ - 1376 gold pieces Weapons a - 26 +2 darts (in quiver) x - 26 +0 darts A - 14 cursed +0 darts E - a cursed -2 boomerang H - a poisoned +0 dart K - a +0 elven dagger (weapon in hand) Armor e - an uncursed +0 Hawaiian shirt (being worn) z - an uncursed +0 elven mithril-coat Y - an uncursed +0 elven mithril-coat (being worn) Comestibles b - 2 uncursed tripe rations c - 7 uncursed food rations g - 3 uncursed eggs o - 3 uncursed eggs Scrolls i - an uncursed scroll of magic mapping n - a blessed scroll of light s - an uncursed scroll of light G - an uncursed scroll of teleportation M - an uncursed scroll of enchant weapon Spellbooks F - an uncursed spellbook of fireball I - an uncursed spellbook of magic missile Potions h - an uncursed potion of extra healing r - an uncursed potion of speed u - an uncursed potion of gain level B - an uncursed potion of water L - an uncursed potion of gain energy Rings t - a cursed ring of teleportation (on left hand) Wands m - a wand of light (0:13) v - a wand of striking (0:0) Tools j - an expensive camera (0:76) k - an uncursed skeleton key l - an uncursed oil lamp (0:0) p - an uncursed credit card Gems q - an uncursed worthless piece of blue glass y - an uncursed worthless piece of yellow glass N - an uncursed worthless piece of yellowish brown glass Spells and supernatural/magical abilities: Name Level Category Fail Memory W - pray for help -- divine ? -- Your skills at the end: Fighting Skills Weapon Skills dart [Basic] Spellcasting Skills Final Attributes: You were piously aligned. You could teleport. You are dead. Vanquished creatures: a rabid rat a centipede a giant bat a monkey 3 dwarf zombies an acid blob 2 hobbits a large kobold 2 giant rats a cave spider a brown mold a yellow mold 2 geckos 3 jackals 3 foxes a goblin 7 grid bugs a bat 3 lichens 4 kobold zombies 8 newts 48 creatures vanquished. Voluntary challenges: You used a wielded weapon 19 times, starting on turn 2695. You read items or engraved 11 times, starting on turn 937. You never genocided any monsters. You never polymorphed an object. You never changed form. You used no wishes. You never split a pudding. You wrote Elbereth's name 6 times, starting on turn 937. You never violated your personal moral code. Dungeon overview: The Dungeons of Doom: levels 1 to 8 Level 1 a fountain a long staircase Level 2 a long staircase Level 3 a fountain Level 4 a fountain Level 5 a fountain Level 6 an altar to Offler Level 7 many fountains Level 8 <- You were here an altar to The Lady, a fountain a long staircase History has recorded: On T:1 you entered the Dungeons of Doom to retrieve the Amulet of Yendor! On T:466 you reached level 2 of The Dungeons of Doom. On T:791 you reached level 3 of The Dungeons of Doom. On T:1155 you reached level 4 of The Dungeons of Doom. On T:1261 you advanced to experience level 2. On T:1587 you reached level 5 of The Dungeons of Doom. On T:1630 you advanced to experience level 3. On T:1939 you reached level 6 of The Dungeons of Doom. On T:2328 you reached level 7 of The Dungeons of Doom. On T:2369 you advanced to experience level 4. On T:2812 you reached level 8 of The Dungeons of Doom. Score breakdown: Gold: 742 ( 9766 points) Experience: 4 levels ( 9649 points) Exploration: 8 levels ( 17.02%) (11702 points) Discoveries: 2 items ( 0.67%) ( 2457 points) Valuables value: (no points given unless you survive) Artifact value: 0 ( 0 points) Variety of kills: 21 monsters ( 5.51%) ( 7043 points) Turncount: 3070 turns ( -634 points) Survival: died (score multiplied by 80%) Total score: 31986 Latest messages: The wand hits the lizard! You hit the lizard. The lizard bites! You hit the lizard. You miss the lizard. The lizard bites! You miss the lizard. (2x) The lizard bites! You miss the lizard. (2x) The lizard bites! You miss the lizard. You hit the lizard. The lizard bites! You can't eat that! You miss the lizard. Never mind. You feel an absence of magical power. The lizard bites! You die... Final status: Aloha Zazza the Tourist, killed by a lizard... You died in The Dungeons of Doom on dungeon level 8 with 31986 points, and 1376 pieces of gold, after 3070 moves. You were level 4 with a maximum of 41 hit points when you died.